 Seeded DCSS version 0.29.1-1-gd02db6906a (webtiles) character file.

Game seed: 17845553201672341576 (custom seed)

10039 Iusername the Spear-Bearer (level 11, 0/58 (100) HPs)
             Began as a Minotaur Fighter on Sept 22, 2022.
             Was a Priest of Trog.
             Slain by Sonja
             ... wielding a +1 short sword of draining
              (4 damage)
             ... on level 11 of the Dungeon.
             The game lasted 00:14:52 (12474 turns).

Iusername the Spear-Bearer (Minotaur Fighter)      Turns: 12474, Time: 00:14:53

HP:   0/58 (100)    AC: 35    Str: 24    XL:     11   Next: 30%
MP:   10/10         EV:  5    Int:  8    God:    Trog [***...]
Gold: 897           SH:  6    Dex: 17    Spells: 10/10 levels left

rFire   + . .      SeeInvis .   F - +3 trident (freeze)
rCold   . . .      Faith    .   c - +0 buckler
rNeg    . . .      Spirit   .   j - +13 crystal plate armour of the Guild-Master {+Inv Str+4 Int-5 Dex+4}
rPois   .          Reflect  .   (helmet restricted)
rElec   .          Harm     .   (no cloak)
rCorr   +          Rampage  .   E - +0 pair of gloves
Will    .....                   (no boots)
Stlth   ..........              (no amulet)
HPRegen 0.19/turn               g - ring "Kewux" {rF+ rCorr}
MPRegen 0.12/turn               l - +6 ring of intelligence

@: slowed, very heavily drained, very slow
A: horns 2, retaliatory headbutt
a: Renounce Religion, Evoke Invisibility, Berserk, Trog's Hand


You were on level 11 of the Dungeon.
You worshipped Trog.
Trog was most pleased with you.
You visited 1 branch of the dungeon, and saw 11 of its levels.

You collected 897 gold pieces.

Inventory:

Hand Weapons
 F - a +3 trident of freezing (weapon)
Armour
 c - a +0 buckler (worn)
 j - the +13 crystal plate armour of the Guild-Master (worn) {+Inv Str+4 Int-5 Dex+4}
   (You acquired it on level 1 of the Dungeon)

   Str:       It affects your strength (+4).
   Int:       It affects your intelligence (-5).
   Dex:       It affects your dexterity (+4).
   +Inv:      It lets you turn invisible.
 E - a +0 pair of gloves (worn)
Jewellery
 b - a ring of poison resistance
 g - the ring "Kewux" (left hand) {rF+ rCorr}
   (You acquired it on level 2 of the Dungeon)

   [ring of resist corrosion]

   rF:        It protects you from fire.
   rCorr:     It protects you from acid and corrosion.
 l - a +6 ring of intelligence (right hand)
 r - a ring of flight
 y - a +4 ring of evasion
Wands
 a - a wand of polymorph (5)
 o - a wand of acid (7)
 B - a wand of roots (4)
Scrolls
 d - 3 scrolls of magic mapping {unknown}
 e - a scroll of blinking {unknown}
 k - 6 scrolls of teleportation
 p - a scroll of butterflies {unknown}
 s - 2 scrolls of enchant armour {unknown}
 u - 4 scrolls of immolation {unknown}
 w - 2 scrolls of enchant weapon
 C - 2 scrolls of noise
 D - a scroll of identify
Potions
 f - 4 potions of degeneration
 i - 3 potions of curing
 m - 2 potions of lignification {unknown}
 n - a potion of magic
 q - a potion of flight {unknown}
 t - a potion of attraction
 v - a potion of mutation {unknown}
 x - a potion of resistance
 z - 3 potions of haste
 A - 2 potions of invisibility


   Skills:
 + Level 10.3 Fighting
 + Level 14.4 Polearms
 + Level 10.6 Armour
 + Level 0.9 Dodging
 + Level 1.7 Stealth
 + Level 7.9 Shields


You had 10 spell levels left.
You didn't know any spells.
Your spell library contained the following spells:

 Spells                   Type           Power      Damage    Failure   Level
 Necrotise                Necr           0%         1d4       100%        1
 Vampiric Draining        Necr           0%         2d6       100%        3
 Agony                    Necr           0%         N/A       100%        5


Dungeon Overview and Level Annotations

Branches:
Dungeon (11/15)            Temple (0/1) D:5            Lair (0/5) D:9
    Orc (0/2) D:9

Altars:
Dithmenos
Elyvilon
Fedhas
Gozag
Hepliaklqana
Kikubaaqudgha
Qazlal
Ru
Sif Muna
Trog

Shops:
D:6 *   D:9 ?   D:10 ?

Portals:
Bazaar: D:11

Annotations:
D:11 Sonja


Innate Abilities, Weirdness & Mutations

You have a pair of horns on your head.
You reflexively headbutt those who attack you in melee.


Message History

The wyvern bites you but does no damage.
Sonja hits you with a +1 short sword of draining.
* * * LOW HITPOINT WARNING * * *
You feel drained.
* * * LOW HITPOINT WARNING * * *
You block Sonja's attack. Sonja hits you but does no damage.
You feel drained. The wyvern barely misses you.
You feel better.
Sonja hits you with a +1 short sword of draining.
* * * LOW HITPOINT WARNING * * *
You feel drained. You block Sonja's attack. x2
The wyvern bites you but does no damage.
Sonja hits you with a +1 short sword of draining.
* * * LOW HITPOINT WARNING * * *
You feel drained.
* * * LOW HITPOINT WARNING * * *
You block Sonja's attack. Sonja hits you but does no damage.
You feel drained.
The wyvern hisses menacingly.
The wyvern bites you.
* * * LOW HITPOINT WARNING * * *
You feel better.
Sonja hits you with a +1 short sword of draining.
* * * LOW HITPOINT WARNING * * *
You feel drained.
Sonja hits you with a +1 short sword of draining.
* * * LOW HITPOINT WARNING * * *
You feel drained.
* * * LOW HITPOINT WARNING * * *
Sonja hits you but does no damage.
You feel drained.
The wyvern bites you but does no damage.
Sonja hits you but does no damage.
You feel drained. Sonja hits you but does no damage.
You feel drained. Sonja hits you but does no damage.
You feel drained.
The wyvern bites you but does no damage.
Unknown command.
You miss Sonja. You headbutt Sonja.
Sonja is severely wounded.
You block Sonja's attack.
Sonja hits you with a +1 short sword of draining.
You die...

#....# #....# #....#
##.### #####.### ###
#.......##### #..
#########.......'...#
#..
.......#........###.#
#.. .......l@K......#
#.# #..
........#.......#
#.###..
........#.......#
#...#..
.......##.......#
###.#.. .......
#.......# #.#..
....... #.......#
#.+>. .......
######### ###..
#####+# ###


You could see Sonja and a wyvern.

Vanquished Creatures
  An ugly thing (D:11)
  3 kobold demonologists (D:11)
  A komodo dragon (D:9)
  6 trolls
  A hornet (D:10)
  A shadow (D:9)
  2 wraiths
  A wyvern (D:10)
  Grum (D:9)
  Menkaure (D:4)
  3 vampire mosquitoes (D:11)
  4 water moccasins
  7 orc warriors
  A black bear (D:4)
  2 ogres
  An ice beast (D:3)
  A sky beast (D:7)
  The ghost of Pepete the Shield-Bearer, an amateur FoFi (D:3)
  3 wolves (D:9)
  9 centaurs
  A phantom (D:5)
  4 kobold brigands
  3 necrophages
  10 bullfrogs
  3 scorpions
  10 wights
  14 killer bees
  A howler monkey (D:8)
  2 electric eels (D:7)
  8 hounds
  A jelly (D:4)
  2 orc priests
  Ijyb (D:4)
  3 iguanas
  7 orc wizards
  Robin (D:2)
  5 adders
  A shadow imp (D:5)
  A worm (D:3)
  22 orcs
  4 ball pythons
  4 bats
  8 endoplasms
  6 giant cockroaches
  19 goblins
  8 hobgoblins
  3 jackals
  A quokka (D:5)
  2 frilled lizards
  29 kobolds
  4 rats
238 creatures vanquished.

Vanquished Creatures (others)
  65 fungi (D:9)
  46 plants (D:9)
  2 withered plants (D:3)
113 creatures vanquished.

Grand Total: 351 creatures vanquished

Notes
Turn   | Place    | Note
-------+----------+-------------------------------------------
     0 | D:1      | Iusername the Minotaur Fighter began the quest for the Orb.
     0 | D:1      | Reached XP level 1. HP: 19/19 MP: 0/0
   260 | D:1      | Reached XP level 2. HP: 27/27 MP: 1/1
   311 | D:1      | Found a faded altar of an unknown god.
   814 | D:1      | Identified a scroll of acquirement
   814 | D:1      | Acquired the +13 crystal plate armour of the Guild-Master
                  | {+Inv Str+4 Int-5 Dex+4}
  1588 | D:2      | Reached XP level 3. HP: 23/33 MP: 2/2
  1993 | D:2      | Noticed Robin
  1996 | D:2      | Reached skill level 3 in Polearms
  2006 | D:2      | Killed Robin
  2135 | D:2      | Reached XP level 4. HP: 40/40 MP: 3/3
  2463 | D:2      | Acquired the ring "Kewux" {rF+ rCorr}
  2588 | D:3      | Found a hazy altar of Hepliaklqana.
  2606 | D:3      | Found a bloodstained altar of Trog.
  2660 | D:3      | Became a worshipper of Trog the Wrathful
  2835 | D:3      | Found a runed translucent door.
  2842 | D:3      | Noticed Pepete's ghost (amateur FoFi)
  2916 | D:3      | Found an opulent altar of Gozag.
  2968 | D:3      | Noticed an ice beast
  2979 | D:3      | Killed an ice beast
  2980 | D:3      | Reached skill level 4 in Polearms
  2980 | D:3      | Reached XP level 5. HP: 47/47 MP: 4/4
  3059 | D:3      | Killed Pepete's ghost
  3060 | D:3      | Reached skill level 5 in Polearms
  3060 | D:3      | Reached XP level 6. HP: 44/53 MP: 5/5
  3492 | D:4      | Noticed Ijyb
  3502 | D:4      | Killed Ijyb
  3563 | D:4      | Found a white marble altar of Elyvilon.
  3642 | D:4      | Reached skill level 6 in Polearms
  3642 | D:4      | Reached skill level 5 in Armour
  3813 | D:4      | Reached skill level 5 in Fighting
  4485 | D:4      | Found a stormy altar of Qazlal.
  4485 | D:4      | Found a shimmering blue altar of Sif Muna.
  4507 | D:4      | Reached XP level 7. HP: 61/61 MP: 6/6
  4626 | D:4      | Noticed Menkaure
  4634 | D:4      | Killed Menkaure
  4635 | D:4      | Reached skill level 7 in Polearms
  5088 | D:5      | Entered Level 5 of the Dungeon
  5101 | D:5      | Reached skill level 5 in Shields
  5127 | D:5      | Reached skill level 8 in Polearms
  5201 | D:5      | Found a staircase to the Ecumenical Temple.
  5274 | D:5      | Reached XP level 8. HP: 50/70 MP: 7/7
  5480 | D:5      | Reached * piety under Trog
  5507 | D:5      | Reached skill level 9 in Polearms
  5766 | D:5      | Noticed a troll
  5813 | D:5      | Killed a troll
  5814 | D:5      | Reached skill level 10 in Polearms
  5814 | D:5      | Reached skill level 1 in Stealth
  6427 | D:6      | Found Vuddua's Fire Supplies.
  6430 | D:6      | You fall into a shaft and drop 1 floor!
  6563 | D:7      | Reached XP level 9. HP: 66/78 MP: 8/8
  7057 | D:7      | Reached skill level 11 in Polearms
  8192 | D:8      | Reached ** piety under Trog
  8205 | D:8      | Reached skill level 12 in Polearms
  8618 | D:9      | Noticed Grum
  8640 | D:9      | Killed Grum
  8646 | D:9      | Noticed a komodo dragon
  8661 | D:9      | Killed a komodo dragon
  8662 | D:9      | Reached XP level 10. HP: 9/88 MP: 9/9
  9117 | D:9      | Reached skill level 13 in Polearms
  9395 | D:9      | Found a staircase to the Lair.
  9409 | D:9      | Identified the +0 helmet of Light {+Blink SInv Stlth-}
  9719 | D:9      | Found a staircase to the Orcish Mines.
 10137 | D:9      | Found Ympuwej's Magic Scroll Shop.
 10241 | D:10     | Entered Level 10 of the Dungeon
 10345 | D:10     | Found Paka's Magic Scroll Boutique.
 10468 | D:10     | Found a sacrificial altar of Ru.
 10699 | D:10     | Found a shadowy altar of Dithmenos.
 10722 | D:10     | Reached *** piety under Trog
 10879 | D:10     | Found an ancient bone altar of Kikubaaqudgha.
 10902 | D:10     | Reached skill level 14 in Polearms
 10962 | D:10     | Found a blossoming altar of Fedhas.
 11538 | D:11     | Reached skill level 10 in Armour
 11538 | D:11     | Reached XP level 11. HP: 78/99 MP: 10/10
 11553 | D:11     | Reached skill level 10 in Fighting
 11681 | D:11     | Noticed a green ugly thing
 11681 | D:11     | Noticed a soul eater
 11720 | D:11     | Noticed a soul eater
 11745 | D:11     | Killed a green ugly thing
 12338 | D:11     | Found a flickering gateway to a bazaar.
 12455 | D:11     | Noticed Sonja
 12472 | D:11     | HP: 2/66 [wyvern (3)]
 12474 | D:11     | Slain by Sonja

Illustrated notes

Levels and vault maps discovered:
D:1:      lordsloth_arrival_two_stooges, layout_basic,
          shapermc_ecumenical_altar_petra, dk_noncrumbling_4
D:2:      layout_basic, uniq_robin
D:3:      layout_loops_ring, nicolae_gozag_seed_capital,
          nzn_hepliaklqana_mist_gate, mainiacjoe_overflow_catwalk,
          gammafunk_ghost_grave, kennysheep_nub, chequers_serial_rivers_room_a,
          hangedman_abyss_or_decor_stabs
D:4:      layout_basic, elyvilon_altar_4, nicolae_overflow_two_pavilions,
          st_stairs_4, uniq_menkaure, uniq_ijyb
D:5:      minmay_chambers_of_fours, layout_loops_ring, minmay_temple_entry_tees
D:6:      minmay_angry_zag, layout_loops_corners, marbit_many_paths,
          serial_shops, nicolae_shop_window_shopping, nicolae_shop_fire_sale
          [nicolae_sub_dead_trees], ebering_dispersal_statue_hall, uniq_duvessa
D:7:      statuecave_lemuel, layout_cave_pods, serial_column_ruins,
          column_ruins_open_tiny, column_ruins_columns_straight,
          column_ruins_open_tiny, column_ruins_columns_straight
D:8:      layout_rooms, serial_aquarium, aquarium_bridge_straight
          [aquarium_subvault_bridge, aquarium_subvault_wall,
          aquarium_subvault_bridge, aquarium_subvault_wall],
          aquarium_bridge_island_small [aquarium_subvault_small_open,
          aquarium_subvault_window, aquarium_subvault_window,
          aquarium_subvault_bridge, aquarium_subvault_bridge],
          aquarium_window_fake, aquarium_window_2, aquarium_window_1,
          aquarium_window_2, aquarium_view_2c, aquarium_view_2c,
          aquarium_pool_double
D:9:      layout_basic, due_lair_maze_entry_diamond, serial_shops,
          nicolae_diamond_shop, uniq_grum
D:10:     layout_stronghold, kennysheep_mini, fedhas_ov_isle_minmay,
          amcnicky_altar_gilded, mainiacjoe_overflow_paths,
          hangedman_decor_opposing, nrook_uturn, minmay_misc_feat_roman,
          kennysheep_windowed_goal
D:11:     layout_roguey, serial_shops, bzr_in_the_mist, uniq_sonja

Skill      XL: |  1  2  3  4  5  6  7  8  9 10 11 |
---------------+----------------------------------+-----
Shields        | 4 5 6 7 |  7.9
Armour         | 4 5 7 8 10 | 10.6
Fighting       | 4 5 6 8 9 10 | 10.3
Polearms       | 3 4 5 6 8 10 12 14 | 14.4
Stealth        | 1 |  1.7
Dodging        | |  0.9

Action                   |  1- 3 |  4- 6 |  7- 9 | 10-12 || total
-------------------------+-------+-------+-------+-------++-------
Melee: Trident           |    94 |   126 |   299 |   437 ||   956
       Headbutt          |    10 |    21 |    55 |    77 ||   163
  Use: Scroll            |     4 |     1 |       |     8 ||    13
       Potion            |       |     1 |       |     6 ||     7
 Stab: Distracted        |       |       |     1 |       ||     1
Armor: Scale mail        |    22 |       |       |       ||    22
       Crystal plate arm |    46 |    84 |   239 |   412 ||   781
Dodge: Dodged            |    34 |    18 |    40 |    91 ||   183
Block: Buckler           |    39 |    16 |    43 |   153 ||   251
